 Dungeon Crawl Stone Soup version 0.23-a0-208-gb6b040f (webtiles) character file.

402432 grindst0ne the Timeless (level 23, -15/179 HPs)
             Began as a Gnoll Transmuter on Sept 25, 2018.
             Was a High Priest of Cheibriados.
             Demolished by an ettin
             ... wielding a +2 dire flail of crushing
              (32 damage)
             ... on level 4 of the Vaults.
             The game lasted 02:07:54 (54927 turns).

grindst0ne the Timeless (Gnoll Transmuter)         Turns: 54927, Time: 02:07:54

Health: -15/179    AC: 40    Str: 27    XL:     23   Next: 33%
Magic:  28/42      EV: 24    Int: 33    God:    Cheibriados [*****.]
Gold:   1399       SH: 13    Dex: 33    Spells: 17/52 levels left

rFire    + . .     SeeInvis .   V - +2 demon whip (elec)
rCold    + . .     Gourm    .   J - +3 warlock's mirror {reflect}
rNeg     . . .     Faith    +   B - +27 Lear's hauberk
rPois    +         Spirit   .   (helmet currently unavailable)
rElec    .         Reflect  +   S - scarf {rC+ rF+}
rCorr    .         Harm     .   (gloves currently unavailable)
MR       +....                  (boots currently unavailable)
Stlth    ++++......             a - amulet of faith
HPRegen  0.39/turn              j - ring of wizardry
MPRegen  0.28/turn              I - ring of poison resistance

@: very slow
A: distributed training, fangs 1, strong nose
}: 2/15 runes: serpentine, barnacled
a: Bend Time, Temporal Distortion, Slouch, Step From Time, Renounce Religion


You were on level 4 of the Vaults.
You worshipped Cheibriados.
Cheibriados was extremely pleased with you.
You were very hungry.

You visited 7 branches of the dungeon, and saw 36 of its levels.
You also visited: Labyrinth, Trove and Ice Cave.

You collected 3719 gold pieces.
You spent 2320 gold pieces at shops.

Inventory:

Hand Weapons
 c - the +9 heavy crossbow "Sniper" {velocity, Acc+∞ SInv}
   (You found it on level 1 of the Vaults)

   Any bolt fired from it inflicts extra damage.
   It lets you see invisible.
 p - the +10 dark maul {crush}
   (You found it on level 2 of the Orcish Mines)

   It inflicts extra damage upon your enemies.
 V - a +2 demon whip of electrocution (weapon)
Missiles
 b - 8 throwing nets (quivered)
 y - 553 bolts
Armour
 B - the +27 Lear's hauberk (worn)
   (You found it on level 7 of the Dungeon)
 J - the +3 warlock's mirror (worn) {reflect}
   (You found it on level 3 of the Snake Pit)
 K - a +1 crystal plate armour
 S - a scarf of resistance (worn)
 T - a +0 cloak of invisibility
Jewellery
 a - an amulet of faith (around neck)
 j - a ring of wizardry (left hand)
 I - a ring of poison resistance (right hand)
 O - an uncursed ring of protection from cold
Wands
 z - a wand of iceblast (21)
 F - a wand of disintegration (30)
 G - a wand of paralysis (7)
 M - a wand of digging (57)
Scrolls
 f - 13 scrolls of enchant weapon
 h - 7 scrolls of fog
 i - 5 scrolls of blinking
 m - 3 scrolls of amnesia
 n - 11 scrolls of enchant armour
 o - 3 scrolls of brand weapon
 r - 12 scrolls of remove curse
 t - 2 scrolls of magic mapping
 v - 2 scrolls of fear
 w - 8 scrolls of immolation
 C - 2 scrolls of silence
 D - 4 scrolls of teleportation
 E - 5 scrolls of identify
 H - 2 scrolls of vulnerability
 N - 2 scrolls of summoning
 U - 2 scrolls of holy word
Potions
 g - 5 potions of curing
 k - 4 potions of cancellation
 l - 3 potions of invisibility
 q - 7 potions of flight
 s - 4 potions of ambrosia
 u - 3 potions of might
 x - 4 potions of mutation
 L - a potion of heal wounds
 W - 4 potions of resistance
 Y - 4 potions of brilliance
 Z - 10 potions of magic
Miscellaneous
 e - a phantom mirror
 Q - a lightning rod (4/4)
 X - a box of beasts
Comestibles
 d - 56 rations
 A - 16 chunks of flesh


   Skills:
 + Level 14.6 Fighting
 + Level 14.4 Short Blades
 + Level 14.4 Long Blades
 + Level 14.4 Axes
 + Level 14.4 Maces & Flails
 + Level 14.4 Polearms
 + Level 14.4 Staves
 + Level 14.4 Slings
 + Level 14.4 Bows
 + Level 14.4 Crossbows
 + Level 14.4 Throwing
 + Level 14.4 Armour
 + Level 15.0 Dodging
 + Level 14.4 Stealth
 + Level 14.4 Shields
 + Level 15.5 Unarmed Combat
 + Level 15.1 Spellcasting
 + Level 12.4 Conjurations
 + Level 12.4 Hexes
 + Level 12.4 Charms
 + Level 12.4 Summonings
 + Level 12.4 Necromancy
 + Level 12.4 Translocations
 + Level 12.9 Transmutations
 + Level 12.4 Fire Magic
 + Level 12.4 Ice Magic
 + Level 12.4 Air Magic
 + Level 12.4 Earth Magic
 + Level 12.4 Poison Magic
 + Level 15.5 Invocations
 + Level 14.4 Evocations


You had 17 spell levels left.
You knew the following spells:

 Your Spells              Type           Power        Failure   Level  Hunger
a - Beastly Appendage     Tmut           ######       1%          1    None
b - Sticks to Snakes      Tmut           #######.     1%          2    None
c - Spider Form           Tmut/Pois      #######...   1%          3    None
d - Blade Hands           Tmut           #######...   1%          5    None
e - Regeneration          Chrm/Necr      #######...   1%          3    None
f - Lee's Rapid Deconstr  Erth           #######...   1%          5    None
g - Statue Form           Tmut/Erth      #######..    2%          6    ##.....
h - Summon Lightning Spi  Summ/Air       #######.     1%          4    None
i - Deflect Missiles      Chrm/Air       #######...   2%          6    ##.....

Your spell library contained the following spells:

 Spells                   Type           Power        Failure   Level  Hunger
 Animate Skeleton         Necr           N/A          1%          1    None
 Confusing Touch          Hex            ######       1%          1    None
 Corona                   Hex            #######      1%          1    None
 Flame Tongue             Conj/Fire      #####        1%          1    None
 Freeze                   Ice            ####         1%          1    None
 Magic Dart               Conj           ####         1%          1    None
 Pain                     Necr           ####         1%          1    None
 Sandblast                Erth           ######       1%          1    None
 Sting                    Conj/Pois      ####         1%          1    None
 Summon Small Mammal      Summ           ####         1%          1    None
 Call Imp                 Summ           #######.     1%          2    None
 Corpse Rot               Necr           N/A          1%          2    None
 Passwall                 Tmut/Erth      #######.     1%          2    None
 Poisonous Vapours        Pois/Air       ######       1%          2    None
 Searing Ray              Conj           ######       1%          2    None
 Slow                     Hex            #######.     1%          2    None
 Throw Frost              Conj/Ice       ######       1%          2    None
 Call Canine Familiar     Summ           #######.     1%          3    None
 Confuse                  Hex            #######.     1%          3    None
 Dazzling Spray           Conj/Hex       ######       1%          3    None
 Gell's Gravitas          Tloc           #######...   1%          3    None
 Ignite Poison            Fire/Tmut/Pois #######.     1%          3    None
 Inner Flame              Hex/Fire       #######.     1%          3    None
 Mephitic Cloud           Conj/Pois/Air  #######.     1%          3    None
 Ozocubu's Armour         Chrm/Ice       #######.     1%          3    None
 Portal Projectile        Hex/Tloc       ######       1%          3    None
 Spectral Weapon          Hex/Chrm       #######.     1%          3    None
 Static Discharge         Conj/Air       #######.     1%          3    None
 Stone Arrow              Conj/Erth      ######       1%          3    None
 Summon Guardian Golem    Hex/Summ       #######.     1%          3    None
 Teleport Other           Tloc           #######.     1%          3    None
 Vampiric Draining        Necr           #######...   1%          3    None
 Animate Dead             Necr           N/A          1%          4    None
 Cause Fear               Hex            #######...   1%          4    None
 Force Lance              Conj/Tloc      #######.     1%          4    None
 Fulminant Prism          Conj/Hex       #######...   1%          4    None
 Ice Form                 Ice/Tmut       #######.     1%          4    None
 Iskenderun's Mystic Bla  Conj           #######.     1%          4    None
 Leda's Liquefaction      Hex/Erth       #######...   1%          4    None
 Olgreb's Toxic Radiance  Pois           #######.     1%          4    None
 Petrify                  Tmut/Erth      #######.     1%          4    None
 Summon Ice Beast         Ice/Summ       #######.     1%          4    None
 Throw Icicle             Conj/Ice       #######.     1%          4    None
 Alistair's Intoxication  Tmut/Pois      #######.     1%          5    None
 Fireball                 Conj/Fire      #######...   1%          5    None
 Lightning Bolt           Conj/Air       #######...   1%          5    None
 Metabolic Englaciation   Hex/Ice        #######...   1%          5    None
 Silence                  Hex/Air        #######...   1%          5    None
 Summon Forest            Summ/Tloc      #######...   1%          5    None
 Venom Bolt               Conj/Pois      #######...   1%          5    None
 Yara's Violent Unravell  Hex/Tmut       #######...   1%          5    None
 Hydra Form               Tmut           #######...   1%          6    ##.....
 Bolt of Fire             Conj/Fire      #######...   2%          6    ##.....
 Conjure Ball Lightning   Conj/Air       #######...   2%          6    ##.....
 Darkness                 Hex            #######...   2%          6    ##.....
 Dragon Form              Tmut           #######...   11%         7    #####..
 Ring of Flames           Chrm/Fire      #######...   13%         7    #####..
 Summon Hydra             Summ           #######...   13%         7    #####..
 Ignition                 Fire           #######...   65%         8    ######.
 Dragon's Call            Summ           #######...   100%        9    #######
 Shatter                  Erth           #######...   100%        9    #######
 Tornado                  Air            #######...   100%        9    #######


Dungeon Overview and Level Annotations

Branches:
Dungeon (15/15)            Temple (1/1) D:7            Lair (6/6) D:9
 Shoals (4/4) Lair:2        Snake (4/4) Lair:4        Slime (0/5) Lair:5
    Orc (2/2) D:12            Elf (0/3) Orc:2        Vaults (4/5) D:14
  Crypt (0/3) Vaults:3     Depths (0/5) D:15

Altars:
Cheibriados
Elyvilon
Fedhas
Gozag
Hepliaklqana
Makhleb
Nemelex Xobeh
Okawaru
Qazlal
Ru
Trog
Uskayaw
Wu Jian
Yredelemnul
The Shining One
Beogh
Jiyva

Shops:
D:14 }   D:15 *   Orc:2 [!(=   Vaults:2 *   Vaults:3 (

Portals:
Bazaar: Shoals:2

Annotations:
D:13 exclusion: downstairs
Lair:5 exclusion: oklob plant
Snake:1 exclusion: downstairs


Innate Abilities, Weirdness & Mutations

Your experience applies equally to all skills.
You have very sharp teeth.
Your uncanny sense of smell can sniff out nearby items.


Message History

The vault guard hits you but does no damage.
The purple ugly thing trunk-slaps you but does no damage.
You thrash the purple ugly thing!!
You kill the purple ugly thing!
Cheibriados appreciates the change of pace.
The vault warden hits you from afar with a glaive of holy wrath!
The vault guard hits you but does no damage.
The purple ugly thing basks in the mutagenic energy from its kin and changes!
The iron dragon bites you!
* * * LOW HITPOINT WARNING * * *
You block the iron dragon's attack.
The iron dragon tramples you but does no damage.
The purple ugly thing basks in the mutagenic energy from its kin and changes!
The vault warden hits you from afar with a glaive of holy wrath!!
* * * LOW HITPOINT WARNING * * *
The iron dragon completely misses you. You block the iron dragon's attack.
The iron dragon tramples you but does no damage.
The vault guard barely misses you. You block the ettin's attack.
The ettin hits you with a dire flail!!
You die...

*,,,,**,,,*,,.....,**++**,,,∆*
*,,,,,**++**,....,**,,,,**,,,*
*,,,,+*,,,,**....**,,,∆,,**,,*
*,,,**,,,,,,*#..#*,,,,,,∆,**∆*
*************#uD**************
****** ###u##### ,,,,,* #..p....#
,,,,,* #.DC....#
,,,,,**###***#.p@....############
,,,,,*,....,,#[)..)..#.......#...
,,,,,*,.....,#)))..).#.......'...
,,,,,*,......#)))..).+)......#...
,,,,,+,......+.))(..(#([.....#...
,,,,,*,.....∆#)).....#.......#...
******,.....,#.......+.......#...
*,....,,#.......#########...
*,...,,,#.......# #...


You could see an iron dragon, a fire dragon, a vault warden, a vault guard, 2
ugly things and an ettin.

Vanquished Creatures
  Margery (Vaults:2)
  Vashnia (Snake:2)
  Xtahua (Vaults:2)
  Saint Roka (Vaults:2)
  A bone dragon (Vaults:3)
  The ghost of grindst0ne the Pandemonic, an adept DDFi of Makhleb (Shoals:4)
  Kirke (Lair:4)
  Roxanne (Snake:1)
  A tengu reaver (Vaults:4)
  8 nagarajas
  3 fire giants
  A deep elf sorcerer (Vaults:4)
  3 frost giants (Vaults:4)
  2 orc warlords (Orc:2)
  13 vault wardens
  13 ironheart preservers
  The ghost of Inouh the Eclecticist, an adept DEWz of Sif Muna (Shoals:1)
  A deep elf demonologist (Vaults:2)
  An entropy weaver (shapeshifter) (D:13)
  8 stone giants
  An entropy weaver (Vaults:2)
  4 deep elf annihilators
  Azrael (D:13)
  A minotaur (Lab)
  A crystal guardian (Vaults:3)
  3 merfolk javelineers
  5 ettins
  5 merfolk impalers
  Josephine (D:13)
  5 great orbs of eyes
  4 yaktaur captains
  3 fire dragons
  17 vault guards
  6 ice dragons
  8 ogre magi
  13 naga warriors
  5 hydras
  24 anacondas
  16 centaur warriors
  2 death knights (Vaults:1)
  3 merfolk avatars
  Erica (D:9)
  5 merfolk aquamancers
  A satyr (Shoals:4)
  29 two-headed ogres
  3 deep troll shamans (Vaults:4)
  A deep troll earth mage (Vaults:4)
  3 tengu warriors (D:13)
  4 orc high priests (Orc:2)
  18 naga sharpshooters
  5 deep elf knights
  Nergalle (Lair:4)
  7 shock serpents
  6 hell knights
  2 shadow wraiths
  6 salamander mystics (Snake:4)
  12 skeletal warriors
  A flayed ghost (Vaults:2)
  7 unseen horrors
  7 sea snakes
  12 deep trolls
  6 wizards
  2 glowing orange brains (Vaults:1)
  8 ironbrand convokers
  A swamp dragon (Vaults:4)
  11 naga ritualists
  6 deep elf archers
  A phantasmal warrior (Vaults:3)
  A harpy (shapeshifter) (Vaults:3)
  19 orc knights
  5 necromancers
  6 lindwurms
  19 ugly things
  16 harpies
  11 fauns
  20 mana vipers
  8 orc sorcerers
  16 deep elf magi
  2 wolf spiders
  7 centaur zombies
  A fire giant zombie (Vaults:2)
  11 manticores
  5 merfolk sirens
  8 cyclopes
  8 salamanders
  2 human skeletons (Vaults:2)
  Maurice (D:13)
  8 elephants
  3 molten gargoyles (Lair:6)
  3 water nymphs
  11 guardian serpents
  Joseph (D:9)
  24 naga magi
  2 gargoyles
  7 spiny frogs
  8 vault sentinels
  46 black mambas
  Psyche (D:8)
  2 ice statues (IceCv)
  A storm dragon simulacrum (Vaults:2)
  3 freezing wraiths
  2 kobold demonologists (D:14)
  3 spectral merfolk (Shoals:4)
  21 yaktaurs
  12 rime drakes
  An efreet (D:15)
  10 komodo dragons
  11 trolls
  9 ice devils
  A jumping spider (Vaults:2)
  A jumping spider (shapeshifter) (Vaults:1)
  34 merfolk
  Grinder (D:3)
  2 polar bears
  A polar bear (shapeshifter) (Vaults:3)
  9 slime creatures (Vaults:1)
  3 wind drakes
  7 hornets
  14 hippogriffs
  9 snapping turtles
  8 blink frogs (Lair:5)
  11 dream sheep
  4 water elementals
  2 spectral manticores (Shoals:4)
  2 redbacks (Vaults:2)
  A shadow (D:12)
  39 yaks
  A vampire (D:11)
  A wyvern (Lair:6)
  8 wraiths
  3 hogs
  8 basilisks
  2 fire elementals (D:13)
  11 steam dragons (Lair:6)
  19 humans
  7 vampire mosquitoes (D:15)
  3 hungry ghosts
  3 wargs (Orc:2)
  38 nagas
  2 acid dragons
  2 soldier ants
  A spectral snapping turtle (Shoals:4)
  12 water moccasins
  6 hell hounds
  13 porcupines
  4 black bears
  61 orc warriors
  6 sky beasts
  2 merfolk simulacra (Shoals:4)
  3 phantoms
  An eye of draining (D:11)
  5 ice beasts
  An ogre (shapeshifter) (Vaults:1)
  3 wolves (Lair:1)
  36 ogres
  9 boggarts
  21 centaurs
  13 crocodiles
  4 big kobolds
  A wyvern zombie (D:12)
  15 bullfrogs
  2 gnoll sergeants
  A wyvern skeleton (D:12)
  4 scorpions
  2 manticore simulacra (Shoals:4)
  A snapping turtle simulacrum (Shoals:4)
  6 wights
  A howler monkey (D:5)
  2 electric eels
  3 bullfrog zombies
  4 lava snakes
  6 crimson imps
  A human simulacrum (Vaults:3)
  3 draconian simulacra (IceCv)
  2 jellies
  27 orc wizards
  4 bullfrog skeletons
  6 hounds
  31 orc priests
  5 centaur skeletons
  5 iguanas
  A spriggan simulacrum (IceCv)
  3 troll simulacra (IceCv)
  10 worker ants
  2 centaur simulacra
  A hound zombie (D:5)
  A howler monkey zombie (D:6)
  2 howler monkey skeletons
  A worker ant zombie (D:5)
  8 adders
  12 gnolls
  An ogre simulacrum (IceCv)
  A naga simulacrum (IceCv)
  4 shadow imps
  A white imp (Vaults:1)
  An adder skeleton (D:7)
  3 worms
  6 dart slugs
  7 leopard geckos
  137 orcs
  3 ball pythons
  8 bats
  5 giant cockroaches
  3 goblins
  9 hobgoblins
  19 jackals
  8 quokkas
  3 frilled lizards
  10 kobolds
  A quokka skeleton (D:4)
  5 rats
  A fungus (Lair:4)
1579 creatures vanquished.

Vanquished Creatures (collateral kills)
  2 wights (D:8)
  An adder (D:2)
3 creatures vanquished.

Vanquished Creatures (others)
  A merfolk javelineer (Shoals:2)
  4 satyrs
  An ogre mage (Vaults:3)
  A deep elf archer (Vaults:2)
  A deep elf mage (D:13)
  A yaktaur (Vaults:1)
  A merfolk (Shoals:4)
  A hornet (Vaults:3)
  A human (Lair:6)
  A warg (Vaults:2)
  A boggart (Vaults:3)
  3 centaurs
  A hornet simulacrum (D:13)
  An orc wizard (Orc:2)
  2 orcs
  4 fungi
  46 plants
71 creatures vanquished.

Grand Total: 1653 creatures vanquished

Notes
Turn   | Place    | Note
-------+----------+-------------------------------------------
     0 | D:1      | grindst0ne the Gnoll Transmuter began the quest for the
                  | Orb.
     0 | D:1      | Reached XP level 1. HP: 17/17 MP: 6/6
   391 | D:1      | Reached XP level 2. HP: 23/23 MP: 5/7
   588 | D:1      | Learned a level 2 spell: Sticks to Snakes
   852 | D:2      | Reached skill level 5 in Spellcasting
   852 | D:2      | Reached XP level 3. HP: 5/28 MP: 2/9
   873 | D:1      | Learned a level 3 spell: Spider Form
  1352 | D:2      | Found a glowing golden altar of the Shining One.
  1364 | D:2      | Reached skill level 1 in Invocations
  1539 | D:2      | Found a burning altar of Makhleb.
  1561 | D:2      | Reached skill level 1 in Short Blades
  1561 | D:2      | Reached skill level 1 in Long Blades
  1561 | D:2      | Reached skill level 1 in Axes
  1561 | D:2      | Reached skill level 1 in Maces & Flails
  1561 | D:2      | Reached skill level 1 in Polearms
  1561 | D:2      | Reached skill level 1 in Staves
  1561 | D:2      | Reached skill level 1 in Slings
  1561 | D:2      | Reached skill level 1 in Bows
  1561 | D:2      | Reached skill level 1 in Crossbows
  1561 | D:2      | Reached skill level 1 in Throwing
  1561 | D:2      | Reached skill level 1 in Armour
  1561 | D:2      | Reached skill level 1 in Stealth
  1561 | D:2      | Reached skill level 1 in Shields
  1561 | D:2      | Reached skill level 1 in Evocations
  1678 | D:2      | You fall through a shaft!
  1734 | D:3      | Reached XP level 4. HP: 33/34 MP: 11/11
  1755 | D:3      | Noticed Grinder
  1769 | D:3      | Killed Grinder
  1769 | D:3      | Reached skill level 1 in Conjurations
  1769 | D:3      | Reached skill level 1 in Hexes
  1769 | D:3      | Reached skill level 1 in Charms
  1769 | D:3      | Reached skill level 1 in Summonings
  1769 | D:3      | Reached skill level 1 in Necromancy
  1769 | D:3      | Reached skill level 1 in Translocations
  1769 | D:3      | Reached skill level 1 in Fire Magic
  1769 | D:3      | Reached skill level 1 in Ice Magic
  1769 | D:3      | Reached skill level 1 in Air Magic
  1769 | D:3      | Reached skill level 1 in Earth Magic
  1769 | D:3      | Reached skill level 1 in Poison Magic
  1769 | D:3      | Reached XP level 5. HP: 38/41 MP: 9/12
  1769 | D:3      | Reached XP level 6. HP: 44/47 MP: 9/13
  2321 | D:3      | Found a sacrificial altar of Ru.
  2379 | D:4      | Reached skill level 5 in Dodging
  2654 | D:4      | Reached XP level 7. HP: 48/52 MP: 15/15
  3148 | D:4      | Found a sacrificial altar of Ru.
  3182 | D:5      | Entered Level 5 of the Dungeon
  3531 | D:5      | Reached XP level 8. HP: 60/60 MP: 10/16
  4201 | D:5      | Found a white marble altar of Elyvilon.
  4204 | D:5      | Found an ornate altar of the Wu Jian Council.
  4735 | D:6      | Reached skill level 5 in Transmutations
  4735 | D:6      | Reached XP level 9. HP: 50/66 MP: 14/18
  5781 | D:7      | Found the +27 Lear's hauberk
  6039 | D:7      | Reached skill level 5 in Fighting
  6697 | D:7      | Found a bloodstained altar of Trog.
  6815 | D:7      | Found a staircase to the Ecumenical Temple.
  6836 | Temple   | Entered the Ecumenical Temple
  6859 | Temple   | Became a worshipper of Cheibriados the Contemplative
  6987 | D:8      | Noticed Psyche
  7000 | D:8      | Killed Psyche
  7000 | D:8      | Reached skill level 5 in Invocations
  7689 | D:8      | Reached XP level 10. HP: 74/74 MP: 20/20
  7793 | D:8      | You fall through a shaft for 2 floors!
  7793 | D:10     | Entered Level 10 of the Dungeon
  7886 | D:9      | Reached * piety under Cheibriados
  8336 | D:9      | Noticed Joseph
  8361 | D:9      | Killed Joseph
  8361 | D:9      | Reached skill level 5 in Short Blades
  8361 | D:9      | Reached skill level 5 in Long Blades
  8361 | D:9      | Reached skill level 5 in Axes
  8361 | D:9      | Reached skill level 5 in Maces & Flails
  8361 | D:9      | Reached skill level 5 in Polearms
  8361 | D:9      | Reached skill level 5 in Staves
  8361 | D:9      | Reached skill level 5 in Slings
  8361 | D:9      | Reached skill level 5 in Bows
  8361 | D:9      | Reached skill level 5 in Crossbows
  8361 | D:9      | Reached skill level 5 in Throwing
  8361 | D:9      | Reached skill level 5 in Armour
  8361 | D:9      | Reached skill level 5 in Stealth
  8361 | D:9      | Reached skill level 5 in Shields
  8361 | D:9      | Reached skill level 5 in Evocations
  8724 | D:9      | Noticed a two-headed ogre
  8731 | D:9      | Killed a two-headed ogre
  9049 | D:9      | Noticed Erica
  9050 | D:9      | Found a staircase to the Lair.
  9075 | D:9      | Killed Erica
  9401 | D:9      | Reached ** piety under Cheibriados
  9554 | Lair:1   | Entered Level 1 of the Lair of Beasts
  9567 | Lair:1   | Noticed a six-headed hydra
  9586 | Lair:1   | Killed a one-headed hydra
  9586 | Lair:1   | Reached XP level 11. HP: 31/83 MP: 22/22
 10215 | Lair:1   | Noticed an eight-headed hydra
 10227 | Lair:1   | Killed a one-headed hydra
 10227 | Lair:1   | Reached skill level 5 in Conjurations
 10227 | Lair:1   | Reached skill level 5 in Hexes
 10227 | Lair:1   | Reached skill level 5 in Charms
 10227 | Lair:1   | Reached skill level 5 in Summonings
 10227 | Lair:1   | Reached skill level 5 in Necromancy
 10227 | Lair:1   | Reached skill level 5 in Translocations
 10227 | Lair:1   | Reached skill level 5 in Fire Magic
 10227 | Lair:1   | Reached skill level 5 in Ice Magic
 10227 | Lair:1   | Reached skill level 5 in Air Magic
 10227 | Lair:1   | Reached skill level 5 in Earth Magic
 10227 | Lair:1   | Reached skill level 5 in Poison Magic
 10614 | Lair:2   | Reached *** piety under Cheibriados
 10642 | Lair:2   | Found a staircase to the Shoals.
 12361 | Lair:4   | Reached XP level 12. HP: 91/91 MP: 24/24
 12374 | Lair:4   | Found a glowing golden altar of the Shining One.
 12375 | Lair:4   | Noticed Nergalle
 12385 | Lair:4   | Killed Nergalle
 12426 | Lair:4   | Found a labyrinth entrance.
 12433 | Lair:4   | Reached **** piety under Cheibriados
 12439 | Lab      | Entered a labyrinth
 13036 | Lab      | Noticed a minotaur
 13044 | Lab      | Killed a minotaur
 13628 | Lair:4   | Found a staircase to the Snake Pit.
 13842 | Lair:4   | Learned a level 5 spell: Blade Hands
 13874 | Lair:4   | Noticed a six-headed hydra
 13880 | Lair:4   | Killed a two-headed hydra
 14154 | Lair:5   | Reached skill level 10 in Unarmed Combat
 14175 | Lair:5   | Reached ***** piety under Cheibriados
 14277 | Lair:5   | Found a basalt altar of Yredelemnul.
 14298 | Lair:5   | Reached XP level 13. HP: 62/98 MP: 26/26
 14573 | Lair:5   | Found a viscous altar of Jiyva.
 14573 | Lair:5   | Found a staircase to the Slime Pits.
 14577 | Lair:5   | You fall through a shaft!
 14577 | Lair:6   | Entered Level 6 of the Lair of Beasts
 14840 | Lair:5   | Noticed Kirke
 15052 | Lair:5   | Noticed a sphinx
 15495 | Lair:4   | Killed Kirke
 15987 | Lair:5   | HP: 1/99 [lindwurm/blast of flame (37)]
 18413 | Lair:6   | Found a large runed door.
 18413 | Lair:6   | Found a large runed door.
 18439 | Lair:6   | Reached skill level 10 in Spellcasting
 18460 | Lair:6   | Reached XP level 14. HP: 87/108 MP: 28/28
 18841 | Lair:6   | Identified the Disquisition on Entrancing Flight
 19462 | Lair:6   | Reached skill level 10 in Dodging
 19529 | Lair:6   | Found the +7 Kryia's mail coat {PotionHeal*2 rC+}
 20247 | D:10     | Found a hazy altar of Hepliaklqana.
 20350 | D:10     | Reached ****** piety under Cheibriados
 20530 | D:11     | Found a hide-covered altar of Uskayaw.
 21045 | D:11     | Found an iron altar of Okawaru.
 21230 | D:11     | Found a stormy altar of Qazlal.
 21293 | D:11     | Found a portal to a secret trove of treasure.
 21462 | D:11     | Reached skill level 10 in Invocations
 21663 | D:11     | Got an ancient great sword {freeze}
 21668 | D:11     | Got an encrusted long sword {vamp}
 21752 | D:11     | Got a dazzling hat
 22656 | D:12     | Found a staircase to the Orcish Mines.
 22948 | D:12     | Identified a scroll of acquirement
 23352 | D:13     | Noticed Maurice
 23372 | D:13     | Killed Maurice
 23461 | D:13     | Reached XP level 15. HP: 115/115 MP: 14/29
 23491 | D:13     | Learned a level 3 spell: Regeneration
 23596 | D:13     | Noticed Azrael
 23618 | D:13     | Killed Azrael
 23663 | D:13     | Found a frozen archway.
 23674 | D:13     | Reached skill level 10 in Fighting
 23700 | IceCv    | Entered an ice cave
 24102 | IceCv    | Got a fine hunting sling
 24103 | IceCv    | Identified the +1 hunting sling "Otri Baont" {flame, *Slow
                  | rElec MR+} (You found it in an ice cave)
 24359 | D:13     | Noticed Josephine
 24374 | D:13     | Killed Josephine
 24739 | D:13     | Noticed an emperor scorpion
 24739 | D:13     | an emperor scorpion changed into an entropy weaver
 25247 | D:14     | Reached skill level 10 in Short Blades
 25247 | D:14     | Reached skill level 10 in Long Blades
 25247 | D:14     | Reached skill level 10 in Axes
 25247 | D:14     | Reached skill level 10 in Maces & Flails
 25247 | D:14     | Reached skill level 10 in Polearms
 25247 | D:14     | Reached skill level 10 in Staves
 25247 | D:14     | Reached skill level 10 in Slings
 25247 | D:14     | Reached skill level 10 in Bows
 25247 | D:14     | Reached skill level 10 in Crossbows
 25247 | D:14     | Reached skill level 10 in Throwing
 25247 | D:14     | Reached skill level 10 in Armour
 25247 | D:14     | Reached skill level 10 in Stealth
 25247 | D:14     | Reached skill level 10 in Shields
 25247 | D:14     | Reached skill level 10 in Evocations
 25393 | D:14     | Identified the +0 hat "Radd" {+Inv Str+3} (You found it on
                  | level 11 of the Dungeon)
 25662 | D:14     | Found Deiwy's Gadget Shoppe.
 25936 | D:14     | Found a gate to the Vaults.
 25981 | D:15     | Entered Level 15 of the Dungeon
 26384 | D:15     | Reached XP level 16. HP: 119/124 MP: 31/31
 26406 | D:15     | Found a glowing golden altar of the Shining One.
 26755 | D:15     | Found Ukust's General Store.
 26761 | D:15     | Bought a scroll of identify for 34 gold pieces
 26761 | D:15     | Bought a scroll of teleportation for 51 gold pieces
 26839 | D:15     | Found a staircase to the Depths.
 27093 | Orc:1    | Entered Level 1 of the Orcish Mines
 27108 | Orc:1    | Paralysed by an orc sorcerer for 7 turns
 27482 | Orc:2    | Entered Level 2 of the Orcish Mines
 27659 | Orc:2    | Found Imuozel's Distillery.
 27697 | Orc:2    | Bought a potion of curing for 30 gold pieces
 27697 | Orc:2    | Bought a potion of might for 40 gold pieces
 27697 | Orc:2    | Bought a potion of curing for 30 gold pieces
 27697 | Orc:2    | Bought a potion of resistance for 100 gold pieces
 27697 | Orc:2    | Bought a potion of curing for 30 gold pieces
 27697 | Orc:2    | Bought a potion of curing for 30 gold pieces
 28254 | Orc:2    | Found a roughly hewn altar of Beogh.
 28615 | Orc:2    | Found Tixzab's Jewellery Boutique.
 28633 | Orc:2    | Found Ciesug's Antique Weapon Shop.
 28913 | Orc:2    | Found the +10 dark maul {crush}
 29030 | Orc:2    | Found a staircase to the Elven Halls.
 29119 | Orc:2    | Found a roughly hewn altar of Beogh.
 29179 | Orc:2    | Found Gichyar's Armour Shop.
 29251 | Orc:2    | Reached skill level 10 in Transmutations
 29765 | Orc:2    | Bought an uncursed amulet of faith for 520 gold pieces
 30037 | Snake:1  | Entered Level 1 of the Snake Pit
 30621 | Snake:1  | Learned a level 5 spell: Lee's Rapid Deconstruction
 31018 | Snake:1  | Reached XP level 17. HP: 127/131 MP: 33/33
 31112 | Snake:1  | Noticed Roxanne
 31434 | Snake:1  | Killed Roxanne
 31437 | Snake:1  | Identified Roxanne's Tome of Transmigration (You took it
                  | off Roxanne on level 1 of the Snake Pit)
 31673 | Snake:1  | Learned a level 6 spell: Statue Form
 32110 | Snake:2  | Noticed Vashnia
 32224 | Snake:2  | You fall through a shaft!
 32474 | Snake:3  | Found the +3 warlock's mirror {reflect}
 32928 | Snake:3  | Got a bound platinum amulet
 32957 | Snake:3  | Identified the amulet of Incredulity {Gourm MR- Int+10}
                  | (You acquired it on level 3 of the Snake Pit)
 33857 | Snake:2  | Killed Vashnia
 34571 | Snake:3  | Reached skill level 10 in Conjurations
 34571 | Snake:3  | Reached skill level 10 in Hexes
 34571 | Snake:3  | Reached skill level 10 in Charms
 34571 | Snake:3  | Reached skill level 10 in Summonings
 34571 | Snake:3  | Reached skill level 10 in Necromancy
 34571 | Snake:3  | Reached skill level 10 in Translocations
 34571 | Snake:3  | Reached skill level 10 in Fire Magic
 34571 | Snake:3  | Reached skill level 10 in Ice Magic
 34571 | Snake:3  | Reached skill level 10 in Air Magic
 34571 | Snake:3  | Reached skill level 10 in Earth Magic
 34571 | Snake:3  | Reached skill level 10 in Poison Magic
 34889 | Snake:3  | Reached XP level 18. HP: 107/140 MP: 34/34
 35220 | Snake:4  | Entered Level 4 of the Snake Pit
 38294 | Snake:4  | Got a serpentine rune of Zot
 38566 | Shoals:1 | Entered Level 1 of the Shoals
 38618 | Shoals:1 | Got an encrusted scythe
 38738 | Shoals:1 | Found a runed door.
 38744 | Shoals:1 | Noticed Inouh's ghost (adept DEWz)
 38760 | Shoals:1 | Learned a level 4 spell: Summon Lightning Spire
 38904 | Shoals:1 | Killed Inouh's ghost
 38904 | Shoals:1 | Reached XP level 19. HP: 110/147 MP: 31/36
 39337 | Shoals:2 | Found a gateway to a bazaar.
 39801 | Shoals:2 | Identified the Guide on Hurtful Changing
 41801 | Shoals:4 | Entered Level 4 of the Shoals
 42610 | Shoals:4 | Identified Laphiema's Thaumaturgy, Part Three
 42691 | Shoals:4 | Found a runed gate.
 42691 | Shoals:4 | Found a runed gate.
 42691 | Shoals:4 | Found a runed gate.
 42711 | Shoals:4 | Noticed grindst0ne's ghost (adept DDFi)
 43286 | Shoals:4 | Killed grindst0ne's ghost
 43290 | Shoals:4 | Identified the Disquisition on Cankerous Transformation
 43649 | Shoals:4 | Got a barnacled rune of Zot
 44217 | D:11     | You paid a toll of 21 scrolls of identify to enter a
                  | treasure trove
 44218 | Trove    | Entered a treasure trove
 44428 | Vaults:1 | Entered Level 1 of the Vaults
 45394 | Vaults:1 | Reached XP level 20. HP: 138/156 MP: 37/37
 45909 | Vaults:1 | Paralysed by a great orb of eyes for 5 turns
 46247 | Vaults:1 | Found the +9 heavy crossbow "Sniper" {velocity, Acc+∞ SInv}
 47032 | Vaults:2 | Noticed Margery
 47388 | Vaults:2 | Killed Margery
 47401 | Vaults:2 | HP: 7/156 [storm dragon simulacrum[a necromancer] (8)]
 49006 | Vaults:2 | Noticed Saint Roka
 49042 | Vaults:2 | Killed Saint Roka
 49406 | Vaults:2 | Noticed Xtahua
 49421 | Vaults:2 | Paralysed by Xtahua for 6 turns
 49437 | Vaults:2 | Killed Xtahua
 50168 | Vaults:2 | Reached XP level 21. HP: 42/164 MP: 39/39
 50674 | Vaults:2 | Found Fatek's Assorted Antiques.
 50698 | Vaults:2 | Bought 3 scrolls of identify for 180 gold pieces
 50698 | Vaults:2 | Bought a scroll of identify for 60 gold pieces
 50698 | Vaults:2 | Bought a scroll of identify for 60 gold pieces
 50698 | Vaults:2 | Bought a scroll of teleportation for 90 gold pieces
 50698 | Vaults:2 | Bought a scroll of enchant weapon for 225 gold pieces
 50698 | Vaults:2 | Bought a potion of cancellation for 240 gold pieces
 50698 | Vaults:2 | Bought a box of beasts for 600 gold pieces
 50910 | Vaults:2 | Reached XP level 22. HP: 171/171 MP: 40/40
 51444 | Vaults:3 | Found a staircase to the Crypt.
 51538 | Vaults:3 | Found Ogagen's Weapon Shoppe.
 52167 | Vaults:3 | Reached skill level 15 in Unarmed Combat
 52666 | Vaults:3 | Reached skill level 15 in Invocations
 53733 | Vaults:4 | Found a flickering gateway to a bazaar.
 54513 | Vaults:4 | Reached XP level 23. HP: 141/179 MP: 41/41
 54740 | Vaults:4 | Learned a level 6 spell: Deflect Missiles
 54771 | Vaults:4 | Reached skill level 15 in Spellcasting
 54867 | Vaults:4 | Reached skill level 15 in Dodging
 54927 | Vaults:4 | Demolished by an ettin

Vault maps used:
D:1:      lemuel_arrival_behind_the_door_small
D:2:      lightli_temple_of_fire, nicolae_overflow_crystal_walls,
          grunt_decor_one_mirror
D:3:      lemuel_coloured_pillars_altar, uniq_grinder
D:4:      minmay_misc_feat_secret_circle, nicolae_ru_path_of_blood
D:5:      gammafunk_temple_overflow_pools, first_ration, sigmund_army
D:7:      kennysheep_six_static_rooms, trog_ov_bears_minmay, temple_green
D:8:      uniq_psyche
D:9:      lair_entry_dummy, uniq_joseph, uniq_erica
D:10:     grunt_ogre_cave, lemuel_statue_altar
D:11:     evilmike_iron_armoury, basic_altar, nicolae_trove_entry_columns,
          nicolae_qazlal_eye_of_the_storm
D:12:     orc_0_dummy, st_stairs_11, nrook_pool_corridor
D:13:     portal_ice_cave_demonic_guard, uniq_azrael, uniq_josephine,
          uniq_maurice
D:14:     grunt_vaults_entry_tiered, minmay_misc_feat_more_columns,
          serial_shops, shop
D:15:     grunt_enter_depths_magical_seal, tso_altar, serial_shops,
          nicolae_shop_trees, minmay_misc_feat_roman, grunt_decor_arrowhead
Temple:   regret_index_temple_sphere_string
Lair:1:   infiniplex_staircase_pool
Lair:2:   minmay_shoals_entry_hut
Lair:4:   cheibrodos_lair_river_kwai, guppyfry_snake_entry_island,
          lab_entry_generic, basic_altar, grunt_megastairs_1, uniq_nergalle
Lair:5:   dpeg_slime_entry_enclosed_altar, nicolae_volcano_entry_vermiform,
          basic_altar, serial_forest, infiniplex_forest_clump_small,
          infiniplex_forest_lined_3_way, infiniplex_forest_lined_corner,
          infiniplex_forest_clump_medium, infiniplex_forest_clump_long,
          infiniplex_forest_end_1, infiniplex_forest_zigzag_1,
          serial_bayou_pond_e, minmay_lair_oklob_chamber, uniq_kirke
Lair:6:   cheibrodos_lair_end_hotspot, bobbens_dragon_lair_wall
Shoals:1: nicolae_shoals_island_circles, ebering_ghost_reflecting_pool,
          nicolae_shoals_stone_sculpture_thing, nicolae_shoals_circle_sea_wall
Shoals:2: serial_shops, bzr_entry_dummy
Shoals:4: shoals_end_grunt_garden, gammafunk_ghost_necromancy
Snake:1:  cheibrodos_snake_ritualist_ritual, uniq_roxanne
Snake:2:  uniq_vashnia
Snake:3:  hangedman_snake_corridor_cut
Snake:4:  snake_pit_salamanders_mu, lemuel_fruit_tree
Orc:2:    pubby_orc_utopia, serial_shops
Vaults:1: nicolae_vaults_hallways_thing, grunt_vaults_bifocal,
          nicolae_vaults_network_quinsquares, serial_ice_m,
          hangedman_vaults_hat, v_misc_13, ontoclasm_vaults_ring_large,
          vaults_room_pools, vaults_room_corners, nicolae_vaults_shelves_hall,
          nicolae_vaults_specimen_jars, nicolae_vaults_fighting_squares,
          nicolae_vaults_diagonal_hallway_6, vaults_room_grid,
          nicolae_vaults_yaktaur_gun_rack
Vaults:2: vaults_dpeg_spiral, vaults_room_grunt_arrival_checkpoint,
          nicolae_vaults_circle_grid_b, nicolae_vaults_ninety_degrees,
          nicolae_vaults_network_square, nicolae_vaults_alarming, v_misc_12,
          vaults_mumra_hex, serial_shops, nicolae_shop_waterfront, uniq_margery,
          uniq_xtahua, uniq_saint_roka
Vaults:3: v_misc_9, minmay_crypt_entry_nasty_monster, dpeg_vaults_monster_box,
          vaults_dpeg_cross, st_lines, nicolae_vaults_big_ls, vaults_mumra_lcd,
          serial_shops, shop_fountains
Vaults:4: st_greater_box_3, vaults_mumra_hexcomb, vaults_room_door_hall,
          vaults_dpeg_ring, nicolae_vaults_little_squares_2,
          hangedman_vaults_river_flow, hangedman_vaults_nails,
          hangedman_vaults_stream, ontoclasm_vaults_chip, serial_shops,
          bzr_entry_water
Lab:      labyrinth_spiral
Trove:    trove_alchemists_storehouse
IceCv:    ice_cave_tombish

Skill      XL: |  1  2  3  4  5  6  7  8  9 10 11 12 13 14 15 16 17 18 19 20 21 22 23 |
---------------+----------------------------------------------------------------------+-----
Spellcasting   | 5 6 7 8 9 10 11 12 13 14 15 | 15.1
Invocations    | 1 2 3 4 5 6 7 8 9 10 11 12 13 14 15 | 15.5
Short Blades   | 1 2 3 4 5 6 7 8 9 10 11 12 13 14 | 14.4
Long Blades    | 1 2 3 4 5 6 7 8 9 10 11 12 13 14 | 14.4
Axes           | 1 2 3 4 5 6 7 8 9 10 11 12 13 14 | 14.4
Maces & Flails | 1 2 3 4 5 6 7 8 9 10 11 12 13 14 | 14.4
Polearms       | 1 2 3 4 5 6 7 8 9 10 11 12 13 14 | 14.4
Staves         | 1 2 3 4 5 6 7 8 9 10 11 12 13 14 | 14.4
Slings         | 1 2 3 4 5 6 7 8 9 10 11 12 13 14 | 14.4
Bows           | 1 2 3 4 5 6 7 8 9 10 11 12 13 14 | 14.4
Crossbows      | 1 2 3 4 5 6 7 8 9 10 11 12 13 14 | 14.4
Throwing       | 1 2 3 4 5 6 7 8 9 10 11 12 13 14 | 14.4
Armour         | 1 2 3 4 5 6 7 8 9 10 11 12 13 14 | 14.4
Stealth        | 1 2 3 4 5 6 7 8 9 10 11 12 13 14 | 14.4
Shields        | 1 2 3 4 5 6 7 8 9 10 11 12 13 14 | 14.4
Evocations     | 1 2 3 4 5 6 7 8 9 10 11 12 13 14 | 14.4
Fighting       | 3 4 5 6 7 8 9 10 11 12 13 14 | 14.6
Conjurations   | 1 2 3 4 5 6 7 8 9 10 11 12 | 12.4
Hexes          | 1 2 3 4 5 6 7 8 9 10 11 12 | 12.4
Charms         | 1 2 3 4 5 6 7 8 9 10 11 12 | 12.4
Summonings     | 1 2 3 4 5 6 7 8 9 10 11 12 | 12.4
Necromancy     | 1 2 3 4 5 6 7 8 9 10 11 12 | 12.4
Translocations | 1 2 3 4 5 6 7 8 9 10 11 12 | 12.4
Transmutations | 4 5 6 7 8 9 10 11 12 | 12.9
Fire Magic     | 1 2 3 4 5 6 7 8 9 10 11 12 | 12.4
Ice Magic      | 1 2 3 4 5 6 7 8 9 10 11 12 | 12.4
Air Magic      | 1 2 3 4 5 6 7 8 9 10 11 12 | 12.4
Earth Magic    | 1 2 3 4 5 6 7 8 9 10 11 12 | 12.4
Poison Magic   | 1 2 3 4 5 6 7 8 9 10 11 12 | 12.4
Dodging        | 5 6 7 8 9 10 11 12 13 14 15 | 15.0
Unarmed Combat | 7 8 9 10 11 12 13 14 15 | 15.5

Action                   |  1- 3 |  4- 6 |  7- 9 | 10-12 | 13-15 | 16-18 | 19-21 | 22-24 || total
-------------------------+-------+-------+-------+-------+-------+-------+-------+-------++-------
Melee: Unarmed           |   114 |    85 |   318 |    56 |    15 |    10 |       |       ||   598
       Headbutt          |     6 |       |       |       |       |       |       |       ||     6
       Bite              |    10 |     1 |     1 |   130 |   360 |   421 |   389 |   257 ||  1569
       Kick              |     4 |       |       |       |       |       |       |       ||     4
       Punch             |       |     1 |     4 |     2 |       |     2 |       |       ||     9
       Broad axe         |       |       |       |   122 |       |       |       |       ||   122
       Scimitar          |       |       |       |   416 |   688 |       |       |       ||  1104
       Demon whip        |       |       |       |       |   896 |  1811 |  1546 |   945 ||  5198
 Cast: Beastly Appendage |    11 |       |       |       |       |       |       |       ||    11
       Sticks to Snakes  |     3 |       |     8 |       |       |       |       |       ||    11
       Spider Form       |     5 |    11 |    39 |     9 |       |       |       |       ||    64
       Blade Hands       |       |       |       |       |       |     2 |       |       ||     2
       Lee's Rapid Decon |       |       |       |       |       |    10 |       |       ||    10
       Summon Lightning  |       |       |       |       |       |     3 |     1 |       ||     4
       Regeneration      |       |       |       |       |       |     2 |     1 |       ||     3
Invok: Temporal Distorti |       |       |       |       |     3 |     3 |     5 |       ||    11
       Slouch            |       |       |       |       |     2 |    12 |    17 |    10 ||    41
Evoke: Wand              |       |       |       |     5 |    17 |    27 |    38 |       ||    87
       Lightning rod     |       |       |       |       |       |       |       |     4 ||     4
  Use: Scroll            |       |       |    16 |     6 |     6 |     5 |    16 |     4 ||    53
       Potion            |       |       |       |     4 |     6 |     6 |    20 |       ||    36
 Stab: Sleeping          |       |     1 |    12 |     4 |    13 |    18 |    15 |     6 ||    69
       Invisible         |       |       |       |     1 |       |     1 |       |       ||     2
       Distracted        |       |       |       |       |     1 |     4 |     5 |     4 ||    14
  Eat: Chunk             |     3 |     4 |    14 |     9 |    22 |    11 |    15 |     8 ||    86
       Ration            |       |       |     1 |     1 |     1 |     4 |     3 |       ||    10
Armor: Robe              |    28 |     1 |       |       |       |       |       |       ||    29
       Skin              |     1 |     6 |    11 |     1 |     9 |       |       |       ||    28
       Chain mail        |       |       |       |   379 |   728 |   544 |   459 |   209 ||  2319
Dodge: Dodged            |   116 |    78 |   285 |   347 |  1117 |  1076 |   954 |   532 ||  4505
Block: Buckler           |       |       |       |   252 |   863 |   968 |   856 |   497 ||  3436
       Reflection        |       |       |       |       |       |    93 |   140 |    40 ||   273
       Rpst.: Scimitar   |       |       |       |    70 |   130 |       |       |       ||   200

Table legend:
 A = Non-vault XP
 B = Vault XP
 C = Vault XP percentage of total XP
 D = Non-vault monster count
 E = Vault monster count
 F = Vault count percentage of total count
                 A         B        C        D         E       F
            +---------+---------+-------+---------+---------+-------
      Total |  328709 |  316451 |  49.1 |     971 |     623 |  39.1
            +---------+---------+-------+---------+---------+-------
        D:1 |      21 |       0 |   0.0 |      10 |       0 |   0.0
        D:2 |      60 |       0 |   0.0 |      25 |       0 |   0.0
        D:3 |      41 |     286 |  87.5 |      18 |       1 |   5.3
        D:4 |     577 |       0 |   0.0 |      27 |       0 |   0.0
        D:5 |     734 |      56 |   7.1 |      23 |       4 |  14.8
        D:6 |    1153 |       0 |   0.0 |      28 |       0 |   0.0
        D:7 |     612 |     461 |  43.0 |      17 |       6 |  26.1
        D:8 |     810 |     418 |  34.0 |      15 |       1 |   6.2
        D:9 |    1979 |    1357 |  40.7 |      20 |       2 |   9.1
       D:10 |    2234 |     122 |   5.2 |      25 |       1 |   3.8
       D:11 |    6654 |    5927 |  47.1 |      60 |      19 |  24.1
       D:12 |    5590 |     247 |   4.2 |      39 |       4 |   9.3
       D:13 |   12467 |    6579 |  34.5 |      42 |      17 |  28.8
       D:14 |    5755 |    7074 |  55.1 |      21 |      22 |  51.2
       D:15 |   20353 |    4656 |  18.6 |      43 |      10 |  18.9
     Lair:1 |    3390 |       0 |   0.0 |      11 |       0 |   0.0
     Lair:2 |    1672 |     262 |  13.5 |      10 |       1 |   9.1
     Lair:3 |    4766 |     378 |   7.3 |      22 |       1 |   4.3
     Lair:4 |    5527 |    4873 |  46.9 |      21 |       9 |  30.0
     Lair:5 |    5740 |     979 |  14.6 |      21 |       3 |  12.5
     Lair:6 |    8679 |   14146 |  62.0 |      33 |      45 |  57.7
   Shoals:1 |    5245 |    1204 |  18.7 |      13 |       1 |   7.1
   Shoals:2 |   10679 |       0 |   0.0 |      21 |       0 |   0.0
   Shoals:3 |   21371 |       0 |   0.0 |      43 |       0 |   0.0
   Shoals:4 |   10003 |   21827 |  68.6 |      22 |      40 |  64.5
    Snake:1 |   17923 |    5860 |  24.6 |      35 |       7 |  16.7
    Snake:2 |   13256 |    7683 |  36.7 |      26 |       4 |  13.3
    Snake:3 |   27066 |    7390 |  21.4 |      45 |      16 |  26.2
    Snake:4 |   16827 |   50407 |  75.0 |      32 |      71 |  68.9
      Orc:1 |    1072 |       0 |   0.0 |      11 |       0 |   0.0
      Orc:2 |       0 |   23156 | 100.0 |       0 |     144 | 100.0
   Vaults:1 |   22155 |   15359 |  40.9 |      45 |      22 |  32.8
   Vaults:2 |   46335 |   40396 |  46.6 |      78 |      40 |  33.9
   Vaults:3 |   10014 |   39538 |  79.8 |      14 |      55 |  79.7
   Vaults:4 |   37949 |   50473 |  57.1 |      55 |      56 |  50.5
        Lab |       0 |    1169 | 100.0 |       0 |       1 | 100.0
      IceCv |       0 |    4168 | 100.0 |       0 |      20 | 100.0
            +---------+---------+-------+---------+---------+-------
